 Dungeon Crawl Stone Soup version 0.27-a0-1065-ge809cff456 (console) character file.

Game seed: 12422669450859223925

23 nht the Ruffian (level 2, -1/34 HPs)
             Began as a Palentonga Warper on Apr 24, 2021.
             Was a Follower of Makhleb.
             Succumbed to a kobold's poison
             ... on level 2 of the Dungeon.
             The game lasted 00:01:22 (1134 turns).

nht the Ruffian (Palentonga Warper)                 Turns: 1134, Time: 00:01:22

Health: -1/34      AC: 21    Str: 14    XL:     2   Next: 72%
Magic:  5/5        EV:  1    Int: 13    God:    Makhleb [*.....]
Gold:   65         SH:  0    Dex:  9    Spells: 5/5 levels left

rFire    . . .     SeeInvis +     - Unarmed
rCold    . . .     Faith    .   (no shield)
rNeg     + + +     Spirit   .   (armour currently unavailable)
rPois    +         Reflect  .   (helmet currently unavailable)
rElec    .         Harm     .   (cloak currently unavailable)
rCorr    .         Rampage  .   (gloves currently unavailable)
Will     .....     NoTele   +   (no barding)
Stlth    +.........             (no amulet)
HPRegen  0.11/turn              (no ring)
MPRegen  0.09/turn              (no ring)

@: lethally poisoned (-1 -> -14), tree-form, attractive
A: stationary, stasis, torment immunity, boosted hp, large, rugged brown scales
3, see invisible, (deformed body), (roll 1), (armoured tail)
a: Renounce Religion


You were on level 2 of the Dungeon.
You worshipped Makhleb.
Makhleb was aware of your devotion.
You were a tree.
You visited 1 branch of the dungeon, and saw 2 of its levels.

You collected 65 gold pieces.

Inventory:

Missiles
 d - 4 boomerangs of dispersal
Armour
 a - a +0 leather armour (melded)
 h - a +0 helmet (melded)
Scrolls
 b - a scroll of magic mapping {unknown}
 c - 2 scrolls of blinking
 e - a scroll of enchant weapon {unknown}
 g - a scroll of identify {unknown}


   Skills:
 - Level 2.0 Fighting
 - Level 0.6 Throwing
 - Level 0.7 Armour
 - Level 1.5 Dodging
 + Level 3.3 Unarmed Combat
 - Level 2.0 Spellcasting
 - Level 3.0 Translocations


You had 5 spell levels left.
You didn't know any spells.
Your spell library contained the following spells:

 Spells                   Type           Power      Damage    Failure   Level
 Blink                    Tloc           N/A        N/A       11%         2
 Gell's Gravitas          Tloc           4%         N/A       22%         3
 Lesser Beckoning         Tloc           4%         N/A       22%         3
 Teleport Other           Tloc           9%         N/A       22%         3
 Manifold Assault         Tloc           9%         N/A       90%         5


Dungeon Overview and Level Annotations

Branches:
Dungeon (2/15)

Altars:
Makhleb


Innate Abilities, Weirdness & Mutations

You are a tree.
Your roots penetrate the ground, keeping you stationary.
You cannot be teleported.
You are immune to unholy pain and torment.
Your maximum health is greatly increased.
Your equipment is partially melded.
(You are completely covered in rugged brown scales. (AC +3, +7% HP))
You have supernaturally acute eyesight. (SInv)
((Armour fits poorly on your strangely shaped body.))
((You can roll at nearby foes to attack.))
((You have a long armoured tail.))


Message History

You hit the dart slug.
The dart slug is severely wounded.
The dart slug bites you but does no damage.
You hit the dart slug.
You kill the dart slug!
Makhleb accepts your kill.
A kobold comes into view. It is wielding a +0 dagger of venom.
The kobold throws a stone.
The stone barely misses you.
You see here a dart slug corpse.
You roll forward with a clatter of scales!
You barely miss the kobold.
You hear a shout!
The kobold hits you with a +0 dagger of venom.
You are poisoned.
Found a burning altar of Makhleb.
You barely miss the kobold.
You feel very sick. The kobold hits you but does no damage.
You are lethally poisoned!
You closely miss the kobold.
You feel very sick. The kobold hits you but does no damage.
You are more poisoned.
You closely miss the kobold.
You feel very sick. The kobold closely misses you.
You hit the kobold.
You kill the kobold!
Makhleb accepts your kill.
* * * LOW HITPOINT WARNING * * *
You feel very sick.
It was a potion of lignification.
You turn into a tree.
Your +0 helmet melds into your body.
Your +0 leather armour melds into your body.
Your roots penetrate the ground.
* * * LOW HITPOINT WARNING * * *
You feel very sick.
It was a potion of attraction.
You feel attractive to monsters.
You die...

._ █+█ ...
█.█ ... █.█
█.███.██
█......██
......█ █)(.█
██♣██
█............
███
█████.███████
... █†█
█.██████.█
█........█
██......█
█.███..█ █.█
█..█


There were no monsters in sight!

Vanquished Creatures
  2 dart slugs
  2 ball pythons (D:1)
  2 endoplasms (D:1)
  A giant cockroach (D:1)
  A goblin (D:1)
  3 hobgoblins (D:1)
  2 kobolds
  2 bats (D:1)
  2 rats (D:1)
17 creatures vanquished.

Notes
Turn   | Place    | Note
-------+----------+-------------------------------------------
     0 | D:1      | nht the Palentonga Warper began the quest for the Orb.
     0 | D:1      | Reached XP level 1. HP: 17/17 MP: 3/3
   445 | D:1      | Reached XP level 2. HP: 19/23 MP: 5/5
   933 | D:1      | Found a faded altar of an unknown god.
   938 | D:1      | Became a worshipper of Makhleb the Destroyer
   938 | D:1      | Reached * piety under Makhleb
  1128 | D:2      | Found a burning altar of Makhleb.
  1134 | D:2      | Succumbed to a kobold's poison

Illustrated notes

Levels and vault maps discovered:
D:1:      lightli_arrival_noodles, layout_rooms,
          chequers_ecumenical_altar_lobes, kennysheep_crisscross
D:2:      layout_loops_corners, basic_altar, minmay_misc_feat_pillars,
          kennysheep_generic_room_13, uniq_terence

Skill      XL: |  1  2 |
---------------+-------+-----
Unarmed Combat | 3 |  3.3
Fighting       | |  2.0
Throwing       | |  0.6
Armour         | |  0.7
Dodging        | |  1.5
Spellcasting   | |  2.0
Translocations | |  3.0

Action                   || total
-------------------------++-------
Melee: Unarmed           ||    48
       Tailslap          ||     4
       Punch             ||     1
Throw: Boomerang         ||     1
 Abil: Rolling Charge    ||    14
  Use: Potion            ||     2
Armor: Leather armour    ||    12
Dodge: Dodged            ||     8

Table legend: (Time is in decaauts)
 A = Elapsed time spent in this place.
 B = Non-inter-level travel time spent in this place.
 C = Inter-level travel time spent in this place.
 D = Time resting spent in this place.
 E = Time spent auto-exploring this place.
 F = Levels seen in this place.
 G = Mean time per level.
                   A        B        C        D        E       F      G
               +--------+--------+--------+--------+--------+-----+--------+
         Total |   1132 |   1075 |     57 |      0 |    982 |   2 |  566.0 |
       Dungeon |   1132 |   1075 |     57 |      0 |    982 |   2 |  566.0 |
               +--------+--------+--------+--------+--------+-----+--------+

Top non-repeatable levels by time:
     D:1: 1078 daAuts
     D:2: 54 daAuts
